 Dungeon Crawl Stone Soup version 0.28.0 (webtiles) character file.

Game seed: 3995873934949529290

95 bromine the Ruffian (level 4, -2/35 HPs)
             Began as a Demigod Transmuter on Feb 8, 2022.
             Killed from afar by Natasha (5 damage)
             ... with a magic dart
             ... on level 2 of the Dungeon on Feb 9, 2022.
             The game lasted 00:14:18 (2756 turns).

bromine the Ruffian (Demigod Transmuter)            Turns: 2756, Time: 00:14:19

Health: -2/35      AC:  2    Str: 15    XL:     4   Next: 17%
Magic:  8/9        EV: 12    Int: 15    God:
Gold:   34         SH:  0    Dex: 14    Spells: 4/7 levels left

rFire   . . .      SeeInvis .     - Unarmed
rCold   . . .      Faith    .   (no shield)
rNeg    . . .      Spirit   .   a - +0 robe
rPois   .          Reflect  .   (helmet currently unavailable)
rElec   .          Harm     .   (no cloak)
rCorr   .          Rampage  .   (no gloves)
Will    .....                   (boots currently unavailable)
Stlth   ++........              (no amulet)
HPRegen 0.11/turn               (no ring)
MPRegen 0.11/turn               (no ring)

@: appendages (expiring)
A: horns 2, talons 2, high MP 1, forlorn, divine attributes
a: End Transformation


You were on level 2 of the Dungeon.
You had temporarily grown beastly horns and talons.
You visited 1 branch of the dungeon, and saw 2 of its levels.

You collected 34 gold pieces.

Inventory:

Hand Weapons
 b - a +0 short sword
Missiles
 c - 6 boomerangs
 d - a throwing net
Armour
 a - a +0 robe (worn)
Jewellery
 e - an amulet of the acrobat
Scrolls
 f - a scroll of identify {unknown}
 g - a scroll of blinking {unknown}
 h - a scroll of fear {unknown}
Potions
 i - a potion of mutation {unknown}
 j - a potion of curing


   Skills:
 + Level 1.0 Fighting
 + Level 2.4 Dodging
 + Level 1.1 Stealth
 + Level 3.6 Unarmed Combat
 + Level 2.1 Spellcasting
 + Level 2.2 Transmutations


You had 4 spell levels left.
You knew the following spells:

 Your Spells              Type           Power      Damage    Failure   Level
a - Beastly Appendage     Tmut           16%        N/A       9%          1
b - Wereblood             Tmut           8%         N/A       13%         2

Your spell library contained the following spells:

 Spells                   Type           Power      Damage    Failure   Level
 Spider Form              Tmut/Pois      4%         N/A       38%         3
 Ice Form                 Ice/Tmut       4%         N/A       80%         4


Dungeon Overview and Level Annotations

Branches:
Dungeon (2/15)

Annotations:
D:2 Natasha


Innate Abilities, Weirdness & Mutations

You have temporarily grown beastly horns and talons.
You have an increased reservoir of magic. (+10% MP)
You shall have no god before yourself.
Your divine heritage dramatically boosts your attributes as you level up.


Message History

You see here a potion of curing.
You see here a potion of curing.
j - a potion of curing Natasha stares at you and mumbles some strange words.
The magic dart hits you.
Natasha mumbles some strange words.
The crimson imp hits you. Natasha claws you but does no damage.
The crimson imp barely misses you.
Casting: Beastly Appendage (safe; 9% risk of failure)
Confirm with . or Enter, or press ? or * to list all spells.
You grow a pair of large bovine horns.
Your feet morph into talons.
Natasha misses you.
The crimson imp hits you but does no damage.
You hit Natasha. Your kick misses Natasha.
Natasha is lightly wounded.
Natasha claws you.
You hit Natasha but do no damage. You claw Natasha, but do no damage.
Natasha is lightly wounded.
The crimson imp closely misses you. Natasha claws you!
You hit Natasha.
Natasha is lightly wounded.
The crimson imp hits you but does no damage.
Natasha claws you.
* * * LOW HITPOINT WARNING * * *
You barely miss Natasha. You claw Natasha. Your headbutt misses Natasha.
Natasha is heavily wounded.
The crimson imp blinks!
Natasha closely misses you.
You hit Natasha.
Natasha is almost dead.
Your transformation is almost over.
Natasha claws you!
* * * LOW HITPOINT WARNING * * *
You completely miss Natasha.
Natasha is almost dead.
The crimson imp blinks!
You hit Natasha. Your kick misses Natasha.
Natasha is almost dead.
Natasha casts a spell at you. The magic dart hits you.
You die...

###.##.....##.#.# #.
.#...#.........#.#.## #.
........#......#.#..# ##
........#......#.##.##
........#......#.##..####
........................
......#.####.#.###.#...
#..h§..5..# #.#.#.
#..@....†.# #.....
#.........# ##.##.
#.........# ....#.
#........########.#.
#§(.............#...
#.........#####.##..
#.........# #. #..
#########.# #. #.. #.#
#.##..


You could see Natasha and a crimson imp (summoned).

Vanquished Creatures
  Natasha (twice) (D:2)
  A gnoll (D:1)
  2 dart slugs
  A bat (D:2)
  3 giant cockroaches (D:1)
  2 goblins (D:1)
  4 hobgoblins (D:1)
  3 jackals (D:1)
  2 kobolds (D:1)
  4 quokkas (D:1)
  A ball python (D:1)
  3 frilled lizards
28 creatures vanquished.

Notes
Turn   | Place    | Note
-------+----------+-------------------------------------------
     0 | D:1      | bromine the Demigod Transmuter began the quest for the Orb.
     0 | D:1      | Reached XP level 1. HP: 15/15 MP: 5/5
   460 | D:1      | Reached skill level 3 in Unarmed Combat
   460 | D:1      | Reached XP level 2. HP: 7/22 MP: 5/7
  1559 | D:1      | Learned a level 2 spell: Wereblood
  1691 | D:1      | Reached XP level 3. HP: 24/27 MP: 8/8
  2342 | D:2      | Noticed Natasha
  2352 | D:2      | Killed Natasha
  2353 | D:2      | Reached skill level 1 in Fighting
  2650 | D:2      | Noticed Natasha
  2659 | D:2      | Killed Natasha
  2660 | D:2      | Reached skill level 1 in Stealth
  2660 | D:2      | Reached XP level 4. HP: 29/35 MP: 9/9
  2742 | D:2      | Noticed Natasha
  2756 | D:2      | Killed from afar by Natasha

Illustrated notes

Levels and vault maps discovered:
D:1:      lemuel_arrival_lava_pool, layout_basic,
          ebering_ecumenical_altar_sacrificial, item_on_display_a
D:2:      layout_basic, minmay_puff, uniq_natasha

Skill      XL: |  1  2  3 |
---------------+----------+-----
Dodging        | 2 |  2.4
Unarmed Combat | 3 |  3.6
Spellcasting   | 2 |  2.1
Transmutations | 2 |  2.2
Fighting       | 1 |  1.0
Stealth        | 1 |  1.1

Action                   |  1- 3 |  4- 6 || total
-------------------------+-------+-------++-------
Melee: Unarmed           |   109 |    12 ||   121
       Kick              |    10 |     2 ||    12
       Headbutt          |     8 |       ||     8
       Punch             |     1 |       ||     1
 Cast: Beastly Appendage |     7 |     1 ||     8
  Use: Scroll            |     1 |       ||     1
       Potion            |     1 |       ||     1
 Stab: Sleeping          |     1 |       ||     1
Armor: Robe              |    18 |     3 ||    21
Dodge: Dodged            |    75 |     8 ||    83
